[Event "37th Magistral de Leon 2024"]
[Site "Leon"]
[Date "2024.06.28"]
[Round "1.1"]
[White "Topalov, Veselin"]
[Black "Anand, Viswanathan"]
[Result "1/2-1/2"]
[ECO "C26"]
[WhiteElo "2727"]
[BlackElo "2751"]
[Annotator "TA"]
[PlyCount "120"]
[EventDate "2024.06.28"]
[EventCountry "ESP"]
[SourceTitle "playchess.com"]
[Source "ChessBase"]
[SourceQuality "1"]
[TimeControl "1200+10"]

1. e4 e5 2. Nc3 Nf6 3. d4 exd4 4. Qxd4 Nc6 5. Qd3 Bc5 6. Qg3 d6 7. Be3 Bxe3 8. Qxe3 O-O 9. O-O-O Re8 10. f3 a6 11. Nge2 b5 12. Nf4 Ne5 13. Be2 b4 14. Ncd5 Nxd5 15. Nxd5 a5 16. Kb1 Bb7 17. Rd2 Nd7 18. Qf4 Bxd5 19. Rxd5 Qe7 20. Rhd1 Ne5 21. Qd2 Qh4 22. f4 Ng6 23. Bb5 Rxe4 24. Bc6 Ra7 25. Rb5 Re7 26. Rb8+ Nf8 27. g3 Qh5 28. Re1 Re6 29. Bd7 Rxe1+ 30. Qxe1 g6 31. b3 Kg7 32. Bb5 (32. g4 $11 Qh3 (32... Qxh2 33. Qe8 $11) 33. Bf5 Qxh2 (33... gxf5 34. Qe8 $11) 34. Qe8 Qg1+ 35. Kb2 Qd4+ 36. Kb1 Qg1+ 37. Kb2 Qd4+ 38. Kb1 Qg1+) 32... Ne6 $1 $17 (32... Qxh2 $6 33. Qe8 Ne6 (33... Qg1+ 34. Kb2 $11) 34. a4 (34. Qg8+ Kh6 $17) 34... Qxg3 (34... bxa3 35. f5 $19) 35. f5 $11) 33. Bc4 d5 (33... Qxh2 $6 34. Bxe6 fxe6 35. Re8 $11) (33... c5 $1 $17 34. Rb6 (34. Bxe6 Re7 $17) 34... Nd4 (34... Qxh2 35. Rxd6 Nd4 36. Qe5+ Kh6 37. Rxg6+ fxg6 38. Qg5+ Kg7 39. Qe5+ Kh6 40. Qg5+ Kg7 41. Qe5+ Kh6 $11) (34... d5 35. Be2 $15) 35. Rxd6 Re7) 34. g4 $2 (34. Bd3 $11 Nc5 (34... Qxh2 $2 35. f5 $18) 35. Bxg6 Qxg6 (35... hxg6 $2 36. g4 $18) 36. Qe5+ Kh6 37. f5) 34... Qxg4 $19 (34... Qxh2 35. Bxd5 Nxf4 36. Qe5+ Kh6 37. g5+ Kh5 38. Bf3+ Kh4 39. Rd8 $18 (39. Qc5 $2 Ra6 $19)) 35. Bxd5 {[%emt 0:00:02] [#]} Nxf4 $2 (35... Qxf4 36. Bxe6 c5 (36... fxe6 37. Qxe6 Qf1+ 38. Kb2 $19) 37. Re8 fxe6 38. Qxe6) (35... Ra6 $1 $19 {is more deadly.} 36. Qe5+ Kh6) 36. Qe5+ $2 (36. Bxf7 $17 Ne2 (36... Kxf7 37. Qe8+ Kf6 38. Qf8+ Kg5 39. Qc5+ Kh6 40. Qxa7 $15) 37. Bc4 Nc3+ 38. Kb2) 36... Kh6 37. Bxf7 c5 38. Bc4 Qg5 (38... Rd7 {feels hotter.} 39. Qxc5 Qd1+ 40. Kb2 Rd2) 39. Re8 Qxe5 40. Rxe5 Rc7 41. a3 Nh5 ({But not} 41... bxa3 $6 42. Ka2 $11) (41... g5 $17 42. c3 bxa3 (42... bxc3 43. Kc2 $17)) 42. axb4 (42. Be2 $11) 42... axb4 $17 43. c3 bxc3 44. Kc2 Nf6 ({Better is} 44... Kg7 $17) 45. h3 (45. Be2 $11) 45... Nh5 $15 ({Don't blunder} 45... Nd7 $2 46. Re7 $18) 46. Kxc3 Nf4 47. Bf1 Rd7 48. Rxc5 Rd1 49. Bc4 Nxh3 50. b4 Nf2 51. Rc7 Ne4+ 52. Kc2 Rd4 53. b5 Nd6 54. Bd3 Rb4 55. Rc5 Ne4 56. Rc6 Kg5 57. b6 Nf6 {[%emt 0:00:10] [#]} (57... Kf5 $11) 58. Kd2 (58. Rc5+ $1 $16 Kf4 59. Rb5) 58... Nd7 59. Rc7 Ne5 60. Rc5 Rxb6 (60... Kf4 $5 61. Bb5 $8 Rd4+ 62. Kc3 Rd6 $11) 1/2-1/2

[Event "37th Magistral de Leon 2024"]
[Site "Leon"]
[Date "2024.06.29"]
[Round "1.1"]
[White "Santos Latasa, Jaime"]
[Black "Erigaisi Arjun"]
[Result "1/2-1/2"]
[ECO "B76"]
[WhiteElo "2626"]
[BlackElo "2761"]
[Annotator "TA"]
[PlyCount "93"]
[EventDate "2024.06.28"]
[EventCountry "ESP"]
[SourceTitle "playchess.com"]
[Source "ChessBase"]
[SourceQuality "1"]
[TimeControl "1200+10"]

1. e4 c5 2. Nf3 Nc6 3. Nc3 g6 4. d4 cxd4 5. Nxd4 Bg7 6. Be3 Nf6 7. Bc4 O-O 8. Bb3 d6 9. f3 Bd7 10. h4 h5 11. Qd2 Ne5 12. Bh6 (12. O-O-O {simplifies} Rc8 13. Kb1 Nc4 14. Bxc4 Rxc4 15. Rhe1) 12... Rc8 13. Bxg7 Kxg7 14. O-O-O Nc4 15. Qd3 Na5 16. Kb1 (16. Qe3 {seems wilder.} Rc5 17. Kb1 Qc7 18. g4) 16... Rc5 (16... Nxb3 $11 17. Nxb3 (17. axb3 Qa5 $11) 17... Qb6) 17. Rhe1 $14 Re8 18. f4 {[%emt 0:05:59] Black must now prevent e5.} Ng4 19. Qd2 Nc4 ({Better is} 19... Nxb3 $14 20. Nxb3 Rc8) 20. Bxc4 $16 Rxc4 21. e5 Qc8 (21... Bc6 $16 {keeps fighting.}) 22. exd6 $18 exd6 23. Rxe8 (23. f5 $1 $18 ) 23... Qxe8 $16 24. Re1 {[%emt 0:00:36] Prevents Qe3} Qd8 25. g3 Qf6 ({Black should try} 25... Nf6 $14) 26. Rd1 a6 (26... Bc6 $16) 27. b3 $1 $18 Rc8 {[%emt 0:00:23] [#]} 28. Ne4 $1 Qe7 {[%emt 0:00:03] [#]} 29. Re1 ({White has to play} 29. Nxd6 $1 $18 Qxd6 30. Nf5+ Bxf5 31. Qxd6 Bxc2+ 32. Kb2 Bxd1 33. Qxd1) 29... d5 $1 $14 30. Nf2 {[%emt 0:01:02] A dynamic duo of knights.} Qd6 31. Nxg4 Bxg4 32. Kb2 Bd7 33. Qe3 Qf6 {[%emt 0:00:24] Hoping for ...Re8.} 34. Qe5 Re8 {[%emt 0:00:03] The position is equal.} 35. Qxf6+ Kxf6 36. Rxe8 Bxe8 $11 {[%emt 0:00:02][%mdl 4096] Endgame. KB-KN} 37. Kc3 a5 38. b4 axb4+ 39. Kxb4 {[%emt 0:00:02] Threatens to win with Kc5.} b6 40. a4 Bd7 41. a5 bxa5+ 42. Kxa5 Ke7 43. Kb4 {[%emt 0:00:41] And now Kc5 would win.} Kd6 44. Kc3 Bg4 45. Kd3 Bd7 46. Kc3 Bg4 47. Kd3 {[%emt 0:00:55] White really could win this.   Weighted Error Value: White=0.11 (very precise) /Black=0.15 (very precise) .  Mistake:       	White=2     	Black=5      Inaccurate:     	White=4     	Black=2      OK:         	White=18    	Black=14     Best:        	White=2     	---        Strong:       	---       	Black=1} 1/2-1/2

[Event "37th Magistral de Leon 2024"]
[Site "Leon"]
[Date "2024.06.29"]
[Round "1.2"]
[White "Erigaisi Arjun"]
[Black "Santos Latasa, Jaime"]
[Result "1-0"]
[ECO "E11"]
[WhiteElo "2761"]
[BlackElo "2626"]
[Annotator "TA"]
[PlyCount "59"]
[EventDate "2024.06.28"]
[EventCountry "ESP"]
[SourceTitle "playchess.com"]
[Source "ChessBase"]
[SourceQuality "1"]
[TimeControl "1200+10"]

1. d4 Nf6 2. c4 e6 3. Nf3 d5 4. g3 Bb4+ 5. Bd2 Be7 6. Bg2 c6 7. O-O O-O 8. Qc2 Nbd7 9. b4 b6 10. a4 a5 11. bxa5 {[%emt 0:00:20] The position is equal.} bxa5 12. c5 Ne4 13. Be3 Ba6 14. Nbd2 f5 15. Nb3 Bf6 16. Rab1 Rb8 17. Bd2 {[%emt 0:01:08] Repels Rb4} Qc7 {[%emt 0:05:24] [#]} (17... Nxd2 $11 {remains equal.} 18. Qxd2 Ra8 (18... Rb4 19. Nxa5 Rxb1 20. Rxb1 $16)) 18. Bf4 $1 $16 (18. Bxa5 Qa7 $14) (18. Nxa5 Bxe2 19. Bf4 Qxa5 $15) 18... e5 19. dxe5 Nxe5 {[%emt 0:00:02] [#]} (19... g5 $16) 20. Nbd4 $1 $18 {[%emt 0:00:05] Nxe5 would now be deadly.} Rxb1 21. Rxb1 Re8 {[%emt 0:00:05] Prevents Ne6.} 22. Nxf5 Bc8 23. N3d4 g5 24. Bxe4 gxf4 (24... dxe4 $142 25. Nd6 Re7) 25. Nd6 {[%emt 0:00:02] A dynamic duo of knights. White is clearly winning.} Rf8 26. Bf5 fxg3 {[%emt 0:00:39] Black is weak on the light squares} 27. hxg3 (27. Nxc8 gxf2+ 28. Kxf2 Ng4+ 29. Ke1 Qg7 $17 (29... Bxd4 $2 30. Bxg4 Qg7 31. Bf3 $19) (29... Qxh2 30. Nf3 $17)) 27... Nc4 28. Ne6 Nxd6 29. cxd6 Qxd6 30. Nxf8 {[%emt 0:00:03] Weighted Error Value: White=0.03 (flawless) /Black=0.49.  Mistake:       	---       	Black=3      OK:         	White=8     	Black=4      Best:        	White=2     	Black=1      Strong:       	White=2     	---} 1-0

[Event "37th Magistral de Leon 2024"]
[Site "Leon"]
[Date "2024.06.28"]
[Round "1.2"]
[White "Anand, Viswanathan"]
[Black "Topalov, Veselin"]
[Result "1/2-1/2"]
[ECO "C84"]
[WhiteElo "2751"]
[BlackElo "2727"]
[Annotator "TA"]
[PlyCount "163"]
[EventDate "2024.06.28"]
[EventCountry "ESP"]
[SourceTitle "playchess.com"]
[Source "ChessBase"]
[SourceQuality "1"]
[TimeControl "1200+10"]

1. e4 e5 2. Nf3 Nc6 3. Bb5 a6 4. Ba4 Nf6 5. O-O Be7 6. d3 b5 7. Bb3 d6 8. c3 O-O 9. h3 {[%emt 0:00:08] C84: Closed Ruy Lopez: Unusual White 6th moves.} Nb8 10. a4 $1 {[%emt 0:00:47][%mdl 4] is currently scoring better than 10.Re1.} Bb7 11. axb5 axb5 12. Rxa8 Bxa8 13. Na3 Qd7 14. Nc2 Na6 15. Ne3 Nc5 16. Ba2 $146 ({Predecessor:} 16. Bc2 Re8 17. Nf5 Ne6 18. Nxe7+ Qxe7 19. Re1 c5 20. d4 exd4 21. cxd4 Nxd4 22. Nxd4 cxd4 23. Qxd4 {0-1 Suleymanli,A (2588)-Sevian,S (2698) FIDE Grand Swiss 2023 (7)}) 16... g6 17. b4 Ne6 18. Re1 Bb7 19. Nd5 Bd8 20. c4 c6 21. Nc3 bxc4 22. dxc4 c5 23. Ba3 cxb4 24. Bxb4 Bc7 25. Nb5 Rd8 26. Bb1 Bb8 27. Nd2 Bc6 28. Nc3 Qb7 29. Ba5 Bc7 30. Bxc7 Qxc7 31. Bd3 Kg7 32. Nd5 Bxd5 33. cxd5 Nc5 34. Bf1 Rb8 35. Qc2 Qa5 36. Rc1 Qa7 37. Kh2 Rc8 38. f3 Ncxe4 39. Qxc8 Nxd2 40. Qc3 Qf2 (40... Nxd5 $2 {loses.} 41. Qxd2 Qe3 42. Qxe3 Nxe3 43. Bc4 $18) 41. Bc4 $2 {[%emt 0:00:42] [#]} (41. Qd3 $17) 41... e4 $2 (41... Nh5 $1 $19 42. Ra1 Nf4) 42. fxe4 $11 Qf4+ 43. Kg1 Ndxe4 44. Qe1 h5 45. Bd3 Nc5 46. Bf1 Nfe4 47. Rc4 f5 48. Qe2 h4 49. Qf3 Qd2 50. Qe2 Qxd5 51. Qe1 g5 52. Qe3 Kf6 53. Qd4+ (53. Qe2 $11) 53... Qxd4+ $17 54. Rxd4 Ke5 55. Rb4 (55. Rd1 $17) 55... d5 $19 56. Rb8 Ng3 $2 (56... Kf4 $19 {Strongly threatening ...Ke3.} 57. Ra8 d4) 57. Re8+ $15 Kd4 58. Bb5 Nce4 59. Bc6 Kc5 60. Bb7 d4 61. Ba6 $1 Kb4 62. Rd8 $1 Nc5 (62... Kc3 $15 {keeps the upper hand.} 63. Rd5 Nh5) 63. Rxd4+ $16 Kb3 64. Rd6 Nce4 {[%emt 0:00:46] [#]} (64... Nxa6 $14 65. Rxa6 Kc4) 65. Rc6 $1 $18 Kb4 66. Bd3 (66. Rc2 $18 {has better winning chances.}) 66... Nc5 $16 67. Bb1 Kc4 $1 68. Rd6 Nce4 69. Rd8 Kc5 70. Bd3 Kc6 $1 71. Bxe4+ Nxe4 72. Kf1 Nd6 73. Rg8 Ne4 74. Ke2 Kd6 75. Ke3 Ke5 76. Re8+ Kd5 $1 77. Ra8 Nc5 78. Ra5 Kd6 79. Rb5 Kd5 80. Rb8 Ne6 81. Ra8 (81. Kf3 $14) 81... Ke5 (81... Nc5 $1 $11) 82. Ra5+ 1/2-1/2

[Event "37th Magistral de Leon 2024"]
[Site "Leon"]
[Date "2024.06.28"]
[Round "1.3"]
[White "Topalov, Veselin"]
[Black "Anand, Viswanathan"]
[Result "0-1"]
[ECO "C88"]
[WhiteElo "2727"]
[BlackElo "2751"]
[Annotator "TA"]
[PlyCount "138"]
[EventDate "2024.06.28"]
[EventCountry "ESP"]
[SourceTitle "playchess.com"]
[Source "ChessBase"]
[SourceQuality "1"]
[TimeControl "1200+10"]

1. e4 e5 2. Nf3 Nc6 3. Bb5 a6 4. Ba4 Nf6 5. O-O Be7 6. Re1 b5 7. Bb3 O-O 8. a4 Rb8 9. d3 d6 10. h3 Na5 11. Ba2 c5 {[%emt 0:00:02] The position is equal.} 12. axb5 axb5 13. c3 Nc6 14. Na3 h6 15. Nc2 Re8 16. Ne3 Bf8 17. Bd2 Be6 18. Bxe6 Rxe6 19. Qb3 Qc8 20. Ra2 Re8 21. Rea1 Qe6 22. Nd5 Kh8 23. c4 {[%emt 0:00:19] aiming for Nc7.} bxc4 24. Qxc4 Rec8 25. Nxf6 Qxf6 26. Bc3 Nd4 27. Nd2 Ne2+ 28. Kf1 Nf4 29. Ra7 Kg8 30. R1a6 (30. g3 $11 Nxh3 31. Kg2 Nxf2 32. Rf1) 30... Re8 $1 $17 31. Rd7 (31. Nf3 $17 {is a better defense.}) 31... Ra8 ({Black should play} 31... Re6 $19 32. Nf3 Qg6) 32. Raa7 Rxa7 33. Rxa7 Qg6 $40 {[%emt 0:00:05][%mdl 128] Black wants a kill.} 34. g3 Nxh3 35. Nf3 (35. Ke1 $17 {keeps fighting.}) 35... Qh5 36. Kg2 {[%emt 0:00:34] [#]} (36. Nh4) 36... Re6 $1 $19 {[%emt 0:00:45] ...Rf6 is the strong threat.} 37. Nh4 {[%emt 0:02:29] [#]} Nf4+ $2 38. gxf4 $17 exf4 (38... Qxh4 $6 39. f5 Qg5+ 40. Kf1 $11) 39. Nf5 {[%emt 0:00:25][%mdl 8192] This costs White the game.} (39. Qd5 $17 Qxh4 40. Qf5 Qg5+ (40... Rg6+ 41. Kf1 $17) 41. Kf3 Qxf5 42. exf5) 39... Qd1 $2 (39... Qe2 {( -> ...Rg6+)} 40. Nh4 Qg4+ 41. Kf1 Qxh4) 40. Rxf7 $2 ({Don't blunder} 40. Kh2 $2 Qe2 $19) (40. Qd5) 40... Kxf7 41. Qd5 Qg4+ 42. Kf1 f3 43. Ne3 {[%emt 0:00:10] Wards off Qg2+} Qg5 44. e5 dxe5 {[%emt 0:00:16][%cal Oe5e4] Hoping for ...e4!} 45. Qxf3+ Kg8 46. Qd5 Qg6 47. Nc4 Kh7 48. Nxe5 $2 (48. Bxe5 Be7 49. Bg3) 48... Qf5 $19 {[%emt 0:00:02] Threatens to win with ...Bd6.} 49. Qe4 Qxe4 50. dxe4 {[%emt 0:00:01][%mdl 4096] Endgame. KRB-KBN} Bd6 51. Nc4 Bf4 52. f3 h5 53. Be1 g5 54. Bf2 Ra6 55. Bxc5 Ra1+ 56. Kg2 Rc1 57. b3 Rc2+ 58. Kg1 h4 59. Bd6 h3 {[%emt 0:00:24] Black mates.} 60. Bxf4 gxf4 {[%emt 0:00:01] KR-KN} 61. Nd6 Rc3 62. Kh2 Rxf3 63. b4 Kg6 64. e5 Re3 65. b5 Rb3 66. e6 Kf6 67. Ne4+ Ke7 $1 (67... Kxe6 68. Nc5+ Ke7 69. Nxb3 f3 70. Kxh3 f2 71. Kg2 Kd6 72. Kxf2) 68. b6 Rxb6 ({Worse is} 68... Kxe6 69. Nc5+ Kd6 70. Nxb3 $11) 69. Kxh3 Kxe6 {[%emt 0:00:12] Weighted Error Value: White=0.65/Black=0.32.  Loses game:     	White=1     	---        Mistake:       	White=6     	Black=2      Inaccurate:     	White=1     	Black=1      OK:         	White=15    	Black=15     Best:        	White=3     	Black=4      Strong:       	---       	Black=2} 0-1

[Event "37th Magistral de Leon 2024"]
[Site "Leon"]
[Date "2024.06.29"]
[Round "1.3"]
[White "Santos Latasa, Jaime"]
[Black "Erigaisi Arjun"]
[Result "1-0"]
[ECO "B51"]
[WhiteElo "2626"]
[BlackElo "2761"]
[Annotator "TA"]
[PlyCount "107"]
[EventDate "2024.06.28"]
[EventCountry "ESP"]
[SourceTitle "playchess.com"]
[Source "ChessBase"]
[SourceQuality "1"]
[TimeControl "1200+10"]

1. e4 c5 2. Nf3 Nc6 3. Bb5 d6 4. O-O Bd7 5. Re1 Nf6 6. c3 a6 7. Bf1 Bg4 8. h3 Bxf3 9. Qxf3 e6 {[%emt 0:00:02] is recently more successful than 9...g6. B51: Sicilian: Moscow Variation (3 Bb5+) without 3...Bd7.} 10. d3 Be7 11. Nd2 O-O 12. Qe2 d5 13. Nf3 d4 14. e5 Nd7 15. c4 b5 16. b3 bxc4 17. bxc4 Rb8 18. g3 Qa5 19. Qd1 $146 ({Predecessor:} 19. Bg2 Qa4 20. a3 Bd8 21. Qe4 Ne7 22. h4 h6 23. h5 Ba5 24. Rf1 Qc2 25. Bf4 {0-1 Adams,M (2693)-Kuzubov,Y (2664) GER CupT final 2019 (2.1)}) 19... Rb7 20. h4 Rfb8 21. h5 h6 22. Bd2 Qa3 23. Bc1 Qc3 24. Bd2 Qa3 25. Bc1 Qc3 26. Bd2 Qb2 27. g4 Bd8 28. Rc1 Bc7 29. Rc2 Qb1 30. Rc1 Qxa2 31. Bf4 {[%emt 0:00:05] [#]} (31. Ra1 $15 Qb3 32. Qe2) 31... a5 (31... Ba5 $1 $17 32. Nd2 Rb6 (32... Bxd2 33. Bxd2 Rb2 34. Ra1 $17)) 32. Ra1 $15 Qb3 33. Qe2 $1 Ra7 34. Qe4 Qb7 35. Bg2 Nb4 36. Qe2 Qc8 37. g5 hxg5 $1 38. Nxg5 f6 $2 (38... Rb6 $15 {stays ahead.}) 39. exf6 $18 (39. Nxe6 Nxe5 40. Nxc5 Bd6 $11) 39... Nxf6 40. Bh3 $1 (40. Qxe6+ Qxe6 41. Nxe6 Bxf4 42. Nxf4 Nc2 $19) (40. Nxe6 Bxf4 41. Nxf4 Qf5 $11) 40... Kh8 41. Nxe6 (41. Qxe6 $2 {is the wrong capture.} Bxf4 42. Qxc8+ Rxc8 43. Bxc8 Bxg5 $19) ({Don't play} 41. Bxe6 Qf8 42. Nf7+ Kh7 $18) 41... Bxf4 42. Nxf4 Qd8 43. Ng6+ Kh7 44. Bf5 Qd6 $2 (44... Ng8) 45. Ne7+ (45. Qd2 $142) 45... Kh8 $18 46. Ng6+ $2 (46. Kg2 $18) 46... Kg8 $2 (46... Kh7 $11 47. Qd2 Kg8) 47. Qf3 $18 Rb6 48. Re2 a4 49. Rae1 Qd8 50. Ne7+ Kf8 51. Nc8 Raa6 52. Nxb6 Rxb6 53. Bg6 Rb8 54. h6 1-0

[Event "37th Magistral de Leon 2024"]
[Site "Leon"]
[Date "2024.06.29"]
[Round "1.4"]
[White "Erigaisi Arjun"]
[Black "Santos Latasa, Jaime"]
[Result "0-1"]
[ECO "E04"]
[WhiteElo "2761"]
[BlackElo "2626"]
[Annotator "TA"]
[PlyCount "122"]
[EventDate "2024.06.28"]
[EventCountry "ESP"]
[SourceTitle "playchess.com"]
[Source "ChessBase"]
[SourceQuality "1"]
[TimeControl "1200+10"]

1. d4 Nf6 2. c4 e6 3. g3 d5 4. Bg2 dxc4 5. Nf3 c5 6. O-O Nc6 7. Qa4 Bd7 8. Qxc4 b5 9. Qd3 c4 10. Qd1 Rc8 11. Bf4 Be7 12. Nc3 a6 13. a3 {[%emt 0:00:05] The position is equal.} Na5 14. Qc2 Nd5 15. Nxd5 (15. Ne5 {feels hotter.} Nxf4 16. gxf4 O-O 17. Rad1) 15... exd5 16. e4 Be6 17. Rfe1 {[%emt 0:01:27] Black must now prevent exd5.} Nc6 (17... Nb3 $11 18. Rad1 O-O) 18. exd5 $14 Bxd5 19. Qf5 $1 g6 {[%emt 0:01:40] [#]} (19... Bxf3 $11 20. Bxf3 Nxd4 21. Rxe7+ Kxe7 22. Qe4+ Ne6 (22... Kf8 $2 23. Bg4 $18)) 20. Rxe7+ $1 $16 Nxe7 (20... Kxe7 $2 21. Bg5+ Kf8 22. Qf4 $18) 21. Qf6 Rf8 (21... O-O 22. Be5 Bxf3 23. Qh8#) 22. Qxa6 {[%emt 0:00:52] Black is weak on the dark squares} f6 {[%emt 0:00:16] [#]} 23. Re1 $1 (23. Qxb5+ Qd7 24. a4 Ra8 $14) 23... Rf7 24. Qxb5+ (24. Nh4 $16 {Bxd5 is the strong threat.} Rc6 25. Qxb5 Bxg2 26. Nxg2) 24... Kf8 $11 25. h4 Kg8 (25... Kg7 $15) 26. Qa4 (26. a4 $11) 26... Nf5 {[%emt 0:00:33][%mdl 1024] Black has compensation.} 27. Rd1 (27. Bd2 $11) 27... Qd7 28. Qc2 Re7 {[%emt 0:00:19] Prevents Ne5} (28... Qc6 $17 29. Qd2 Rd7 (29... Bxf3 30. d5 $16)) 29. Qc3 ({White should try} 29. Ne5 $1 $15 Qe6 (29... fxe5 $2 30. dxe5 Bf7 31. Rxd7 $18) 30. Bxd5 Qxd5 31. Ng4) 29... Rce8 (29... Qc6 $17 30. Rc1 Re2) 30. Ne1 (30. Bf1 $15) 30... Bxg2 (30... h6 $17 {And now ...g5 would win.} 31. Qc1 g5 32. hxg5 Nxd4 (32... fxg5 33. Be5 $11) 33. Bxd5+ Qxd5) 31. Nxg2 Qd5 32. Bc1 (32. Ne3 $1 $11 {remains equal.} Nxe3 33. Bxe3) 32... Nd6 {[%emt 0:00:23] Black has more active pieces.} (32... Rd7 $17) 33. Nf4 Qf5 34. d5 g5 $36 {[%emt 0:01:16][%mdl 2048] Black has good play.} 35. hxg5 fxg5 {[%emt 0:00:01][%cal Of5g4] ...Qg4! would now be deadly.} 36. Ne6 h6 (36... Ne4 $15 37. Qc2 Rf7) 37. Qd4 (37. Be3 $11) 37... Rf7 ({Black should play} 37... Ne4 $17 38. Be3 Qf3) 38. Re1 $2 {[%emt 0:00:17] White does not recover from this.} ({Better is} 38. a4 $15) 38... Nb5 $19 39. Qc5 {[%emt 0:01:15] [#]} (39. Qd2 Rd7 40. Nc5 Rxe1+ (40... Rxd5 $2 41. Rxe8+ Kg7 42. Ne6+ Kg6 43. Qe2 $18) 41. Qxe1 Rxd5 42. Qe8+ Kg7 43. Be3) 39... Nc7 $1 40. Be3 Qxd5 ({And not} 40... Nxe6 41. dxe6 Qxe6 42. Bd2 $14) ({Don't take} 40... Nxd5 41. Nd4 Qf6 (41... Rxe3 42. Nxf5 Rxe1+ 43. Kg2 $15) 42. Qxd5 $19) 41. Qxd5 Nxd5 42. Nd4 Nxe3 43. fxe3 {[%emt 0:00:02][%mdl 4096] Endgame. KRR-KRN} Rb8 44. Re2 Rfb7 45. Rc2 Rxb2 46. Rxc4 Ra2 47. Rc1 {[%emt 0:00:21] Inhibits Rb1.} Rbb2 (47... Rxa3 $2 48. Nf5 $19) 48. Nf5 h5 49. e4 Kf7 50. e5 (50. Re1 $142) 50... Ke6 51. Ne3 Re2 (51... Kxe5 52. Nc4+ Kf5 53. Nxb2 Rxb2 54. Rc4 $11) 52. Nf1 Rxa3 53. Rc8 Rf3 54. Rc1 {[%emt 0:00:26] Wards off Re1} Kxe5 {[%emt 0:00:39] Strongly threatening ...Ra3.} 55. Rc5+ Kf6 (55... Kd4 $142 56. Rxg5 Re1 57. Rxh5 Rexf1+ (57... Rfxf1+ $2 58. Kg2 $19) 58. Kg2 R3f2+ 59. Kh3 Rh1+ 60. Kg4 Rxh5 61. Kxh5 Ke5 62. Kh4 Rf8 63. Kg4 Rf7 64. Kh5 Rg7 65. Kh4 Ke4 66. Kh3 Kf3 67. Kh4 Rxg3 68. Kh5 Kf4 69. Kh6 Kf5 70. Kh7 Kf6 71. Kh8 Kf7 72. Kh7 Rh3#) 56. Rc6+ Kf5 57. Rc5+ Re5 58. Rc1 Rd3 {[%emt 0:00:08] ( -> ...Re2)} 59. Rc4 (59. Rc2 $19) 59... Re2 {[%emt 0:00:08] Black mates.} 60. Rc1 Kg4 61. Rc5 Rd1 {[%emt 0:00:20] Weighted Error Value: White=0.76/Black=0.30.  Loses game:     	White=1     	---        Mistake:       	White=9     	Black=9      Inaccurate:     	White=4     	Black=1      OK:         	White=12    	Black=15     Best:        	White=2     	Black=4      Strong:       	White=2     	---        Brilliant:      	White=1     	Black=1} 0-1

[Event "37th Magistral de Leon 2024"]
[Site "Leon"]
[Date "2024.06.28"]
[Round "1.4"]
[White "Anand, Viswanathan"]
[Black "Topalov, Veselin"]
[Result "1/2-1/2"]
[ECO "C07"]
[WhiteElo "2751"]
[BlackElo "2727"]
[Annotator "TA"]
[PlyCount "95"]
[EventDate "2024.06.28"]
[EventCountry "ESP"]
[SourceTitle "playchess.com"]
[Source "ChessBase"]
[SourceQuality "1"]
[TimeControl "1200+10"]

1. e4 e6 2. d4 d5 3. Nd2 a6 4. Ngf3 Nf6 5. Bd3 c5 6. dxc5 Bxc5 7. O-O dxe4 {[%emt 0:01:30] C07: French Tarrasch: 3...c5, 4 Ngf3 and 4 exd5 Qxd5.} 8. Nxe4 Nxe4 9. Bxe4 Qxd1 10. Rxd1 Nd7 11. c3 $146 ({Predecessor:} 11. Nd4 Be7 12. Nb3 Nc5 13. Nxc5 Bxc5 14. Rd3 f6 15. Rc3 Bd4 16. Rc7 Be5 17. Bxb7 Bxb7 18. Rxb7 O-O-O {0-1 Mestre Bellido,H (2404)-Karlsson,L (2453) Montcada op 18th 2010 (6)}) 11... Nf6 12. Bc2 Ng4 13. Rd2 b6 14. h3 Nf6 15. Ne5 Bb7 16. Rd1 Rc8 17. a4 Nd5 18. Bb3 f6 19. Nd3 Ke7 20. Nxc5 bxc5 21. Bxd5 Bxd5 22. b4 Bb3 23. Re1 Rhd8 24. Be3 c4 25. b5 Ra8 26. bxa6 Rxa6 27. a5 Rd5 28. Bb6 Kd7 29. Re3 e5 30. Rae1 g5 31. h4 h6 32. hxg5 hxg5 33. Rh3 Ke6 34. Rh8 Bc2 35. Rc1 Bd3 36. Kh2 Rb5 37. Rc8 Kf5 38. Kg3 Kg6 39. Rh1 Rb3 $1 40. Rc1 Rb2 41. Rg8+ Kf5 ({Black should play} 41... Kf7 $11 42. Rc8 Be2) 42. Rf8 (42. Rh1 $1 $14) 42... Be4 (42... Kg6 $11) 43. Rd1 Bd3 44. Rh1 $1 Raxb6 45. axb6 Rxb6 46. Rh6 e4 47. Rc8 Ke6 (47... Re6 $142 48. Rb8 Bc2 49. Rb5+ Re5) 48. Rc5 1/2-1/2